 Dungeon Crawl Stone Soup version 0.14-a0-1969-g2c76abe (webtiles) character file.

6145 Kae the Covert (level 10, -10/44 HPs)
             Began as a Spriggan Enchanter on Jan 16, 2014.
             Was a Priest of Dithmengos.
             Killed from afar by a manticore (13 damage)
             ... with a volley of spikes
             ... on Level 9 of the Dungeon.
             The game lasted 00:29:48 (9415 turns).

Kae the Covert (Spriggan Enchanter)                 Turns: 9415, Time: 00:29:48

HP -10/44        AC  4     Str  7      XL: 10   Next: 45%
MP  17/29        EV 20     Int 17      God: Dithmengos [***...]
Gold 555         SH  0     Dex 17      Spells:  3 memorised, 17 levels left

rFire  + . .     SeeInvis +     a - +2,+1 dagger (curse)
rCold  . . .     Clarity  .     t - +2 robe {rF+} (curse)
rNeg   + . .     Conserve .     (shield restricted)
rPois  .         rCorr    .     (helmet restricted)
rElec  .         rRot     .     (no cloak)
SustAb . .       Spirit   .     (gloves unavailable)
rMut   .         Warding  +     (boots unavailable)
Saprov . . .     Stasis   .     C - cursed amulet of warding
MR     +....                    z - +0,+9 ring of slaying
                                y - cursed +0,+8 ring of slaying

@: wreathed by umbra, very quick, somewhat resistant to hostile enchantments,
uncannily stealthy
A: unfitting armour, see invisible, herbivore 3, speed 3, slow metabolism 2
a: Shadow Step, Renounce Religion


You were on level 9 of the Dungeon.
You worshipped Dithmengos.
Dithmengos was most pleased with you.
You were not hungry.

You visited 2 branches of the dungeon, and saw 11 of its levels.

You collected 555 gold pieces.

Inventory:

Hand weapons
 a - a cursed +2,+1 dagger (weapon)
Missiles
 d - 12 darts
 s - 16 tomahawks (quivered)
Armour
 t - a cursed +2 robe of fire resistance (worn)
Magical devices
 F - a wand of magic darts (17)
Comestibles
 h - 4 pears
 j - an apple
 m - an orange
 p - 4 bread rations
 v - 6 honeycombs
 x - 2 chokos
 E - a lemon
Scrolls
 f - 2 scrolls of remove curse {unknown}
 g - a scroll of enchant weapon II
 l - 5 scrolls of identify
 n - 3 scrolls of enchant weapon I
 o - 5 scrolls of teleportation
 A - 3 scrolls of blinking
 G - a scroll of fog
Jewellery
 y - a cursed +0,+8 ring of slaying (left hand)
 z - a +0,+9 ring of slaying (right hand)
 B - an uncursed ring of sustain abilities
 C - a cursed amulet of warding (around neck)
 H - an uncursed amulet of conservation
Potions
 e - 2 potions of brilliance
 i - 3 potions of heal wounds
 k - 2 potions of cure mutation {unknown}
 r - 2 potions of curing
 u - 2 potions of lignification {unknown}
 w - 2 potions of might {unknown}
 D - a potion of beneficial mutation {unknown}
 K - 2 potions of paralysis {unknown}
 L - a potion of porridge
Books
 c - a book of Maledictions

   Spells                             Type                      Level
   *Corona                            Hexes                        1
   Sure Blade                         Hexes/Charms                 2
   *Ensorcelled Hibernation           Hexes/Ice                    2
   *Confuse                           Hexes                        3
   Enslavement                        Hexes                        4
   Invisibility                       Hexes                        6
 I - a book of Party Tricks

   Spells                             Type                      Level
   Summon Butterflies                 Summoning                    1
   Apportation                        Translocation                1
   Blink                              Translocation                2
   Alistair's Intoxication            Transmutation/Poison         4
   Tukima's Dance                     Hexes                        5


   Skills:
 * Level 9.9 Short Blades
 - Level 1.1 Throwing
 + Level 4.9 Dodging
 * Level 13.8 Stealth
 - Level 7.1 Spellcasting
 + Level 8.6 Hexes


You had 17 spell levels left.
You knew the following spells:

 Your Spells              Type           Power        Failure   Level  Hunger
a - Corona                Hex            #####..      1%          1    None
b - Ensorcelled Hibernat  Hex/Ice        ###...       2%          2    None
c - Confuse               Hex            #####...     1%          3    ##.....


Dungeon Overview and Level Annotations

Branches:
Dungeon (10/16)            Temple (1/1) D:5
    Orc: D:9-12        Lair: D:8-11

Altars:
Ashenzari
Cheibriados
Dithmengos
Elyvilon
Fedhas
Kikubaaqudgha
Makhleb
Nemelex Xobeh
Okawaru
Trog
Vehumet
Xom
Yredelemnul
Zin
the Shining One

Shops:
D:4 ?


Innate Abilities, Weirdness & Mutations

You are tiny and cannot use many weapons and most armour.
You have supernaturally acute eyesight.
You are a herbivore.
You cover ground extremely quickly.
You need consume almost no food.


Message History

Unknown command.
The manticore flicks its tail!
The volley of spikes misses you.
The manticore flicks its tail!
The volley of spikes misses you. The manticore bites you.
The manticore barely misses you. The manticore claws you.
Casting: Ensorcelled Hibernation
Confirm with . or Enter, or press ? or * to list all spells.
Aiming: Ensorcelled Hibernation
Press: ? - help, Shift-Dir - straight line, f/p - yak
Aim: a yak (umbra)
The yak resists.
Casting: Ensorcelled Hibernation
Confirm with . or Enter, or press ? or * to list all spells.
Aiming: Ensorcelled Hibernation
Press: ? - help, Shift-Dir - straight line, f - manticore, p - yak
Aim: a manticore (umbra)
The manticore easily resists.
The yak gores you!
* * * LOW HITPOINT WARNING * * *
The manticore flicks its tail!
The volley of spikes hits you!
You die...

##.........................
##..........................
##>..............#...........
#>..............###..........
##>..............#...........
##..........................
##.........................
##.......H................
##....YY@................
##.............#........
##...........###.......
##...........#........
##.................#.
##...............###
##...............#.
##...%............
##...............


You could see a manticore and 2 yaks.

Vanquished Creatures
  A hydra (D:9)
  2 wraiths (D:7)
  A hungry ghost (D:7)
  Eustachio (D:5)
  A hippogriff (D:7)
  4 yaks (D:10)
  The ghost of Piginabag the Insei, an average OpTm of Dithmengos (D:3)
  A necrophage (D:10)
  A phantom (D:9)
  An orc warrior (D:10)
  2 ice beasts (D:6)
  A yellow wasp (D:8)
  6 ogres
  A boring beetle (D:8)
  4 centaurs
  A water moccasin (D:9)
  An elf zombie (D:7)
  A big kobold (D:9)
  A giant slug (D:8)
  4 giant frogs
  2 wights (D:7)
  A troll skeleton (D:8)
  2 crimson imps (D:6)
  4 hounds
  A spider (D:8)
  3 human zombies (D:7)
  2 jellies
  2 orc priests
  A goliath beetle (D:8)
  5 orc wizards
  4 scorpions
  A human skeleton (D:7)
  4 iguanas
  5 worker ants
  Jessica (D:2)
  A hound zombie (D:8)
  An ogre skeleton (D:7)
  3 mummies (D:7)
  3 gnolls (D:3)
  12 adders
  A worm (D:5)
  An adder skeleton (D:4)
  3 giant geckos
  2 oozes
  10 orcs
  19 bats
  A bat zombie (D:7)
  18 hobgoblins
  13 kobolds
  2 quokkas
  3 ball pythons
  3 giant cockroaches
  9 giant newts
  3 giant spores
  12 goblins
  5 jackals
  2 kobold skeletons
  An orc skeleton (D:4)
  12 rats
  4 ballistomycetes
218 creatures vanquished.

Vanquished Creatures (others)
  A centaur (D:6)
  A crimson imp (D:8)
  A hound (D:6)
  An orc wizard (D:6)
  A worker ant zombie (D:6)
  An adder (D:6)
  A giant eyeball (D:8)
7 creatures vanquished.

Grand Total: 225 creatures vanquished

Notes
Turn   | Place    | Note
--------------------------------------------------------------
     0 | D:1      | Kae, the Spriggan Enchanter, began the quest for the Orb.
     0 | D:1      | Reached XP level 1. HP: 9/9 MP: 4/4
   261 | D:1      | Reached XP level 2. HP: 11/13 MP: 5/7
   317 | D:1      | Learned a level 2 spell: Ensorcelled Hibernation
  1266 | D:1      | Reached skill level 4 in Stealth
  1405 | D:2      | Reached XP level 3. HP: 16/16 MP: 11/11
  1637 | D:2      | Noticed Jessica
  1644 | D:2      | Killed Jessica
  1773 | D:2      | Reached XP level 4. HP: 19/21 MP: 9/13
  1862 | D:2      | Found a burning altar of Makhleb.
  2383 | D:3      | Noticed Piginabag's ghost (average OpTm)
  2390 | D:3      | Learned a level 3 spell: Confuse
  2399 | D:3      | Killed Piginabag's ghost
  2399 | D:3      | Reached skill level 5 in Stealth
  2399 | D:3      | Reached XP level 5. HP: 24/24 MP: 11/16
  2842 | D:3      | Reached skill level 6 in Stealth
  3655 | D:4      | Reached XP level 6. HP: 28/28 MP: 17/19
  4039 | D:4      | Found Kheaqoc's Magic Scroll Shoppe.
  4112 | D:4      | Reached skill level 7 in Stealth
  4444 | D:5      | Entered Level 5 of the Dungeon
  4455 | D:5      | Reached skill level 5 in Hexes
  4470 | D:5      | Noticed Eustachio
  4479 | D:5      | Found a staircase to the Ecumenical Temple.
  4500 | Temple   | Entered the Ecumenical Temple
  4723 | Temple   | Became a worshipper of Dithmengos
  5155 | D:5      | Killed Eustachio
  5155 | D:5      | Reached XP level 7. HP: 32/32 MP: 14/21
  5309 | D:5      | Reached skill level 5 in Short Blades
  5404 | D:5      | Reached skill level 8 in Stealth
  6046 | D:6      | Found a shimmering altar of Xom.
  6094 | D:6      | Reached skill level 9 in Stealth
  6099 | D:6      | Reached skill level 5 in Spellcasting
  6099 | D:6      | Reached XP level 8. HP: 31/36 MP: 3/24
  6321 | D:6      | Reached skill level 10 in Stealth
  6593 | D:7      | Acquired Dithmengos' first power
  6720 | D:7      | Reached skill level 11 in Stealth
  6720 | D:7      | Reached XP level 9. HP: 34/39 MP: 21/26
  7307 | D:7      | Found a basalt altar of Yredelemnul.
  7516 | D:8      | Reached skill level 12 in Stealth
  7985 | D:8      | Acquired Dithmengos' second power
  8354 | D:9      | Reached XP level 10. HP: 33/44 MP: 10/29
  8359 | D:9      | Noticed a four-headed hydra
  8542 | D:9      | Killed a four-headed hydra
  8542 | D:9      | Reached skill level 13 in Stealth
  8714 | D:9      | Noticed a cyclops
  8714 | D:9      | Noticed an unseen horror
  8714 | D:9      | Noticed a griffon
  8727 | D:9      | Noticed a hill giant
  8728 | D:9      | Noticed a centaur warrior
  8791 | D:10     | Entered Level 10 of the Dungeon
  9415 | D:9      | Killed from afar by a manticore

Action                   |  1- 3 |  4- 6 |  7- 9 | 10-12 || total
-------------------------+-------+-------+-------+-------++-------
Melee: Dagger            |   136 |   138 |   246 |    26 ||   546
Throw: Dart              |       |       |     3 |       ||     3
 Cast: Corona            |     8 |       |     1 |       ||     9
       Ensorcelled Hiber |    16 |    40 |    61 |    50 ||   167
       Confuse           |       |     1 |    11 |       ||    12
Evoke: Wand              |       |     1 |     2 |       ||     3
  Use: Potion            |       |     1 |       |       ||     1
       Scroll            |       |     8 |    11 |       ||    19
 Stab: Sleeping          |    18 |    28 |    83 |    12 ||   141
       Confused          |       |     2 |     5 |       ||     7
       Distracted        |       |       |       |     1 ||     1
